 Dungeon Crawl Stone Soup version 0.31.0-11-ge490571c62 (webtiles) character file.

Game seed: 2737304294164361633

94 qw the Shooter (level 4, 0/25 HPs)
             Began as a Deep Elf Hunter on Feb 3, 2024.
             Slain by an orc
             ... wielding a +0 trident
              (7 damage)
             ... on level 3 of the Dungeon.
             The game lasted 00:00:28 (1933 turns).

qw the Shooter (Deep Elf Hunter)                    Turns: 1933, Time: 00:00:29

Health: 0/25       AC:  3    Str: 10    XL:     4   Next: 38%
Magic:  6/6        EV: 12    Int: 14    God:
Gold:   101        SH:  0    Dex: 18    Spells: 3/3 levels left

rFire   . . .        a - +0 shortbow
rCold   . . .        (shield currently unavailable)
rNeg    . . .        c - +0 leather armour
rPois   .            (no helmet)
rElec   .            (no cloak)
rCorr   .            (no gloves)
SInv    .            (no boots)
Will    .....        (no amulet)
Stlth   ++           (no ring)
HPRegen 0.24/turn    (no ring)
MPRegen 0.10/turn

%: no passive effects
@: no status effects
A: no striking features
a: no special abilities


You were on level 3 of the Dungeon.
You visited 1 branch of the dungeon, and saw 3 of its levels.

You collected 101 gold pieces.


   Skills:
 - Level 1.5 Fighting
 + Level 7.8 Ranged Weapons
 - Level 2.4 Dodging
 - Level 1.2 Stealth


You had 3 spell levels left.
You didn't know any spells.
Your spell library was empty.

Inventory:

Hand Weapons
 a - a +0 shortbow (weapon)
Armour
 c - a +0 leather armour (worn)
Scrolls
 f - 2 scrolls of teleportation
Potions
 b - a potion of resistance
 d - 3 potions of mutation
 e - a potion of attraction {unknown}
 h - a potion of enlightenment

Dungeon Overview and Level Annotations

Branches:
Dungeon (3/15)

Altars:
Ru

Annotations:
D:2 1 runed translucent door, Crazy Yiuf


Message History

You shoot an arrow. The arrow hits the orc wizard.
The orc wizard shouts!
The orc wizard is lightly wounded.
You hear a shout! x5
You shoot an arrow. The orc priest shouts!
The arrow hits the orc wizard!
The orc wizard is severely wounded.
You hear a shout!
An orc comes into view. It is wielding a +0 flail.
You shoot an arrow.
The arrow hits the orc wizard but does no damage.
The orc wizard is severely wounded.
You shoot an arrow. The arrow barely misses the orc wizard.
The arrow hits the orc!
You kill the orc!
You have reached level 4!
You feel clever.
You shoot an arrow. The arrow hits the orc wizard.
The orc wizard is almost dead.
You shoot an arrow. The arrow hits the orc wizard.
You kill the orc wizard!
You shoot an arrow. The arrow barely misses the orc.
You shoot an arrow. The arrow hits the orc!
You kill the orc!
You shoot an arrow. The arrow hits the orc priest.
The orc priest is lightly wounded.
You shoot an arrow. The arrow hits the orc priest.
The orc priest is heavily wounded.
The orc priest mumbles some strange prayers to Beogh against you.
Beogh smites you!
An orc comes into view. It is wielding a +0 trident.
You shoot an arrow. The arrow barely misses the orc priest.
The orc priest misses you.
You shoot an arrow.
The arrow hits the orc priest but does no damage.
The orc priest is heavily wounded.
An orc wizard comes into view. It is wielding a +0 dagger.
The orc priest hits you from afar with a +0 trident!
The orc hits you from afar with a +0 trident!
You die...

########
##......####.
#####............
#........@.o)..)o
#.###..####o#####
####.# #..... ..
##....# #...###
## #..##.# #.#.#
#.#########.#
##.........##
#.~~~~~~~.
#~..~~~..~


You could see an orc priest, an orc wizard (wandering) and an orc.

Vanquished Creatures
  An orc wizard (D:3)
  2 adders (D:2)
  A ribbon worm (D:2)
  2 dart slugs
  2 orcs (D:3)
  3 ball pythons (D:1)
  4 endoplasms
  A giant cockroach (D:2)
  6 goblins
  2 hobgoblins (D:2)
  3 jackals (D:2)
  2 quokkas (D:1)
  5 bats
  3 frilled lizards
  A kobold (D:1)
  3 rats
41 creatures vanquished.

Notes
Turn   | Place    | Note
-------+----------+-------------------------------------------
     0 | D:1      | qw the Deep Elf Hunter began the quest for the Orb.
     0 | D:1      | Reached XP level 1. HP: 12/12 MP: 3/3
     0 | D:1      | 0 ||| qw: Version: 0.3-a-155-g5e7d8dd
     0 | D:1      | 0 ||| qw: Game counter: 3487
     0 | D:1      | 0 ||| qw: Melee chars always use a shield: true
     0 | D:1      | 0 ||| qw: God list: Okawaru
     0 | D:1      | 0 ||| qw: Allow faded altars: false
     0 | D:1      | 0 ||| qw: Do Orc after clearing Dungeon:15 true
     0 | D:1      | 0 ||| qw: Do second Lair branch before Depths: true
     0 | D:1      | 0 ||| qw: Lair rune preference: random
     0 | D:1      | 0 ||| qw: Goals: Normal
     0 | D:1      | 0 ||| PLANNING D:1-11
   147 | D:1      | Reached skill level 6 in Ranged Weapons
   147 | D:1      | Reached XP level 2. HP: 16/16 MP: 4/4
   813 | D:1      | 813 ||| READING 2 scrolls labelled OHINTU IB TULL.
   813 | D:1      | 813 ||| IDENTIFYING silvery potion
   814 | D:1      | 814 ||| READING scroll of identify.
   814 | D:1      | 814 ||| IDENTIFYING scroll labelled GYUFRE HAUMN
   815 | D:1      | 815 ||| DROPPING scroll of butterflies.
   914 | D:2      | Reached XP level 3. HP: 16/20 MP: 5/5
   983 | D:2      | Reached skill level 7 in Ranged Weapons
  1145 | D:2      | 1145 ||| FLEEEEING.
  1290 | D:2      | Found a runed translucent door.
  1291 | D:2      | Noticed Crazy Yiuf
  1843 | D:2      | 1843 ||| DROPPING scarf of harm.
  1844 | D:2      | 1844 ||| READING 2 scrolls of identify.
  1844 | D:2      | 1844 ||| IDENTIFYING bubbling green potion
  1845 | D:2      | 1845 ||| READING scroll of identify.
  1845 | D:2      | 1845 ||| IDENTIFYING lumpy amethyst potion
  1846 | D:2      | 1846 ||| READING scroll labelled QYUGUA OWKYOMU.
  1847 | D:2      | 1847 ||| DRINKING 2 fuming silvery potions.
  1848 | D:2      | 1848 ||| DROPPING potion of brilliance.
  1891 | D:3      | Found a sacrificial altar of Ru.
  1926 | D:3      | Reached XP level 4. HP: 25/25 MP: 6/6
  1933 | D:3      | Slain by an orc

Levels and vault maps discovered:
D:1:      minmay_arrival_four_houses, layout_loops_corners
D:2:      layout_loops_corners, minmay_crystal_water, minmay_misc_feat_room,
          uniq_crazy_yiuf_cottage
D:3:      layout_loops_ring, mainiacjoe_overflow_paths

Skill      XL: |  1  2  3 |
---------------+----------+-----
Ranged Weapons | 6 7 |  7.8
Fighting       | |  1.5
Dodging        | |  2.4
Stealth        | |  1.2

Action                     |  1- 3 |  4- 6 || total
---------------------------+-------+-------++-------
   Fire: Shortbow          |    98 |     8 ||   106
    Use: Scroll            |     5 |       ||     5
         Potion            |     1 |       ||     1
 Armour: Leather armour    |    16 |     2 ||    18
  Dodge: Dodged            |    14 |     1 ||    15

Table legend:
 A = Non-vault XP
 B = Vault XP
 C = Vault XP percentage of total XP
 D = Non-vault monster count
 E = Vault monster count
 F = Vault count percentage of total count
                 A         B        C        D         E       F
            +---------+---------+-------+---------+---------+-------
      Total |     135 |       0 |   0.0 |      41 |       0 |   0.0
            +---------+---------+-------+---------+---------+-------
        D:1 |      36 |       0 |   0.0 |      21 |       0 |   0.0
        D:2 |      58 |       0 |   0.0 |      17 |       0 |   0.0
        D:3 |      41 |       0 |   0.0 |       3 |       0 |   0.0
            +---------+---------+-------+---------+---------+-------
